 Dungeon Crawl Stone Soup version 0.30-a0-782-ge64f9170bb (webtiles) character file.

Game seed: 17208903659405970782

53 HoaS the Insei (level 3, -3/29 HPs)
             Began as a Demigod Gladiator on Mar 5, 2023.
             Killed from afar by Natasha (5 damage)
             ... with a magic dart
             ... on level 2 of the Dungeon.
             The game lasted 00:04:13 (1328 turns).

HoaS the Insei (Demigod Gladiator)                  Turns: 1328, Time: 00:04:14

Health: -3/29      AC:  6    Str: 15    XL:     3   Next: 41%
Magic:  5/5        EV: 11    Int: 10    God:
Gold:   41         SH:  0    Dex: 19    Spells: 2/2 levels left

rFire   . . .      SeeInvis .      - Unarmed
rCold   . . .      Faith    .    (no shield)
rNeg    . . .      Spirit   .    f - +0 ring mail
rPois   .          Reflect  .    b - +0 helmet
rElec   .          Harm     .    (no cloak)
rCorr   .          Rampage  .    (no gloves)
Will    .....                    (no boots)
Stlth   +                        (no amulet)
HPRegen 0.24/turn                (no ring)
MPRegen 0.09/turn                (no ring)

@: slowed, very slow
A: high MP 1, forlorn, divine attributes
a: no special abilities


You were on level 2 of the Dungeon.
You visited 1 branch of the dungeon, and saw 2 of its levels.

You collected 41 gold pieces.

Inventory:

Missiles
 c - 3 throwing nets
 d - a javelin (quivered)
Armour
 b - a +0 helmet (worn)
 f - a +0 ring mail (worn)
Scrolls
 i - 2 scrolls of noise
Potions
 e - a potion of flight
 j - a potion of curing


   Skills:
 - Level 1.7 Fighting
 - Level 1.7 Throwing
 - Level 2.6 Dodging
 + Level 4.2 Unarmed Combat


You had 2 spell levels left.
You didn't know any spells.
Your spell library contained the following spells:

 Spells                   Type           Power      Damage    Failure   Level
 Foxfire                  Conj/Fire      0%         2x1d4     58%         1


Dungeon Overview and Level Annotations

Branches:
Dungeon (2/15)

Annotations:
D:2 Natasha


Innate Abilities, Weirdness & Mutations

You have an increased reservoir of magic. (+10% MP)
You shall have no god before yourself.
Your divine heritage dramatically boosts your attributes as you level up.


Message History

You start resting.
You feel yourself speed up.
You start resting.
HP restored.
You climb downwards.
Level annotation: Natasha
There is a stone staircase leading up, spattered with blood here.
Natasha stares at you and mumbles some strange words.
You feel yourself slow down.
You closely miss Natasha. Natasha claws you.
You hit Natasha.
Natasha is moderately wounded.
Natasha claws you but does no damage.
Natasha stares at you and mumbles some strange words.
The magic dart hits you!
You closely miss Natasha.
Natasha is moderately wounded.
Natasha claws you.
You closely miss Natasha. You punch Natasha, but do no damage.
Natasha is moderately wounded.
Natasha claws you.
You hit Natasha.
Natasha is heavily wounded.
Natasha claws you. x2
* * * LOW HITPOINT WARNING * * *
You barely miss Natasha.
Natasha is heavily wounded.
Natasha barely misses you.
You barely miss Natasha.
Natasha is heavily wounded.
Natasha barely misses you. Natasha closely misses you.
You hit Natasha.
Natasha is severely wounded.
Natasha claws you.
* * * LOW HITPOINT WARNING * * *
You barely miss Natasha.
Natasha is severely wounded.
Natasha casts a spell at you. The magic dart hits you.
You die...

..##............
.##.#........#....
........#............. ...
#................ #..
#.#.....>...(... ..
#.#.....#......<
#####.###.##...##.......
##.....#.รท..h##..#.#....#
#............@##.#..#....
......................#.#
.....>...<.....#..#.. #.#
...............##.# .
...............# ...
...............# ##
#.............##
##.....#.....##
#############


You could see Natasha.

Vanquished Creatures
  2 adders (D:1)
  A dart slug (D:1)
  3 ball pythons
  5 endoplasms
  2 giant cockroaches (D:1)
  2 goblins (D:1)
  A hobgoblin (D:1)
  2 jackals (D:1)
  4 kobolds (D:1)
  A quokka (D:1)
  3 bats
  2 frilled lizards (D:1)
  2 rats (D:2)
30 creatures vanquished.

Vanquished Creatures (others)
  2 fungi (D:1)
  3 plants (D:1)
5 creatures vanquished.

Grand Total: 35 creatures vanquished

Notes
Turn   | Place    | Note
-------+----------+-------------------------------------------
     0 | D:1      | HoaS the Demigod Gladiator began the quest for the Orb.
     0 | D:1      | Reached XP level 1. HP: 17/17 MP: 3/3
   156 | D:1      | Reached skill level 3 in Unarmed Combat
   478 | D:1      | Got Plato's Incunabulum of Ignition
   485 | D:1      | Reached XP level 2. HP: 24/24 MP: 4/4
  1034 | D:1      | Reached skill level 4 in Unarmed Combat
  1034 | D:1      | Reached XP level 3. HP: 19/29 MP: 5/5
  1244 | D:2      | Noticed Natasha
  1328 | D:2      | Killed from afar by Natasha

Illustrated notes

Levels and vault maps discovered:
D:1:      dpeg_arrival_short_road, layout_loops_ring,
          shapermc_ecumenical_altar_rom_forum, serial_park_tiny_pond,
          hangedman_decor_lopped, hangedman_decor_slide_cut,
          minmay_misc_feat_plants, st_stairs_2
D:2:      layout_rooms, uniq_natasha

Skill      XL: |  1  2 |
---------------+-------+-----
Unarmed Combat | 3 4 |  4.2
Fighting       | |  1.7
Throwing       | |  1.7
Dodging        | |  2.6

Action                     || total
---------------------------++-------
  Melee: Unarmed           ||   108
         Punch             ||     3
  Throw: Throwing net      ||     1
    Use: Potion            ||     2
         Scroll            ||     5
 Armour: Leather armour    ||     4
         Ring mail         ||    26
  Dodge: Dodged            ||    65

Table legend: (Time is in decaauts)
 A = Elapsed time spent in this place.
 B = Non-inter-level travel time spent in this place.
 C = Inter-level travel time spent in this place.
 D = Time resting spent in this place.
 E = Time spent auto-exploring this place.
 F = Levels seen in this place.
 G = Mean time per level.
                   A        B        C        D        E       F      G
               +--------+--------+--------+--------+--------+-----+--------+
         Total |   1337 |   1321 |     16 |    353 |    569 |   2 |  668.5 |
       Dungeon |   1337 |   1321 |     16 |    353 |    569 |   2 |  668.5 |
               +--------+--------+--------+--------+--------+-----+--------+

Top non-repeatable levels by time:
     D:1: 1235 daAuts
     D:2: 102 daAuts
